[Event "Late-Titled-Tuesday-Blitz-February-06-2024"]
[Site "Chess.com"]
[Date "2024.02.06"]
[Round "3"]
[White "FMOlexandrProhorov"]
[Black "prime-morty"]
[Result "0-1"]
[WhiteElo "2302"]
[BlackElo "2571"]
[TimeControl "180+1"]
[EndTime "14:30:11 PST"]
[Termination "prime-morty won on time"]

1. e4 d6 2. d4 Nf6 3. Nc3 e5 4. Nf3 Nbd7 5. Bc4 h6 6. g4 g6 7. Rg1 exd4 8. Nxd4 Ne5 9. Be2 Bg7 10. Be3 h5 11. g5 Nfg4 12. Bc1 Nc6 13. Nb3 Nxh2 14.
f3 Be5 15. Be3 h4 16. f4 Bxc3+ 17. bxc3 Qe7 18. Qd3 h3 19. O-O-O Rh4 20. Rh1 Ng4 21.
Bd4 h2 22. Bxg4 Bxg4 23. Rde1 Rh3 24. Qf1 O-O-O 25. Bf6 Qe8 26. Bxd8 Qxd8 27. Qg2 Bd7 28. Rxh2 Rxc3 29. Qd2 Nb4 30. Qd4 Nd3+ 31. Kb1 Rxb3+ 32.
axb3 Nxe1 33. Rh8 Be8 34. Qxa7 Kd7 35. Qa5 Qe7 36. Qxe1 f6 37. gxf6 Qxf6 38. Rh7+ Kc8 39. Qd2 Bc6 40. e5 dxe5 41. fxe5 Qxe5 42. Rf7 b6 43. Ka2 Kb7 44. Rf2 g5 45. Qd3 g4 46. Re2 Qf4 47. Re7 g3 48. b4 g2 49.
b5 g1=Q 50. bxc6+ Kxc6 51. Qc3+ Qc5 0-1

[Event "Late-Titled-Tuesday-Blitz-February-06-2024"]
[Site "Chess.com"]
[Date "2024.02.06"]
[Round "3"]
[White "ogpin"]
[Black "Sjakkerntobi"]
[Result "1-0"]
[WhiteElo "2238"]
[BlackElo "2469"]
[TimeControl "180+1"]
[EndTime "14:30:11 PST"]
[Termination "ogpin won on time"]

1. e4 e6 2. d4 d5 3. e5 c5 4.
c3 Nc6 5. Nf3 Bd7 6. Bd3 Qc7 7.
O-O f6 8. Re1 O-O-O 9. a3 cxd4 10.
cxd4 Nge7 11. Nc3 Ng6 12. Bxg6 hxg6 13. Bf4 Qb6 14. exf6 gxf6 15. Na4 Qa6 16. Rc1 g5 17. Bg3 g4 18. Nd2 Qd3 19. Nb3 Qxd1 20. Rexd1 b6 21. Nc3 Kb7 22. Nb5 Be8 23. Nc7 Bf7 24. Re1 e5 25. dxe5 fxe5 26. Nb5 Bg7 27. a4 Rhe8 28. a5 bxa5 29. Nc5+ Kb6 30. Na3 Nd4 31. Na4+ Kb7 32. Nc5+ Ka8 33. Na6 Rd7 34. Nc7+ Rxc7 35. Rxc7 Rf8 36.
Bxe5 Re8 37. Rxf7 Bxe5 38. Kf1 Nc6 39. Rf5 Kb8 40. Nb5 Re7 41. f4 gxf3 42. gxf3 Kc8 43. f4 Bxb2 44. Rxe7 Nxe7 45. Nxa7+ Kd7 46. Rh5 a4 47.
Nb5 Kc6 48. f5 Kxb5 49. Rh7 Nc6 50. Rb7+ Kc4 51. Rxb2 Kd4 52. f6 Nd8 53. Rb8 1-0

[Event "Late-Titled-Tuesday-Blitz-February-06-2024"]
[Site "Chess.com"]
[Date "2024.02.06"]
[Round "3"]
[White "Elsa167"]
[Black "djano"]
[Result "1-0"]
[WhiteElo "2890"]
[BlackElo "2621"]
[TimeControl "180+1"]
[EndTime "14:30:14 PST"]
[Termination "Elsa167 won by checkmate"]

1. d4 Nf6 2. c4 g6 3. Nc3 d5 4.
Nf3 Bg7 5. Bg5 c5 6. Bxf6 Bxf6 7. cxd5 cxd4 8. Nxd4 Qb6 9. Nb3 O-O 10. e3 Rd8 11. Be2 a5 12. a4 Na6 13. O-O Nb4 14. Bf3 e6 15. e4 exd5 16. exd5 Bf5 17. Nd2 Bxc3 18.
bxc3 Nxd5 19. Nc4 Qc5 20. Qd4 Qxd4 21. cxd4 Ra6 22. Ne3 Be6 23. Rfc1 Rb6 24. Nc4 Ra6 25. Rab1 Nb4 26. Nxa5 Rxd4 27. Nxb7 Rxa4 28. Nc5 Ra2 29.
Nxe6 fxe6 30. h3 Kg7 31. Rc7+ Kf6 32. Rxh7 Nd3 33. Rf1 Ne5 34. Rh8 Nxf3+ 35. gxf3 Kg7 36. Re8 Kf7 37. Rb8 Kf6 38. Kg2 Rdd2 39. Rb4 e5 40. f4 exf4 41. Rxf4+ Kg5 42. Rf3 Kh6 43. Re1 Rd5 44. Re4 Rg5+ 45. Kh2 Raa5 46. Rh4+ Kg7 47.
Rhf4 Rge5 48. Rf7+ Kh6 49. Rf8 Kg7 50. R8f7+ Kh6 51.
Rg3 Ra2 52. Rf6 Rg5 53. Rgf3 Kg7 54. Rf8 Kh6 55. R3f7 Re5 56. Rh8+ Kg5 57. Kg3 Rf5 58. h4# 1-0

[Event "Late-Titled-Tuesday-Blitz-February-06-2024"]
[Site "Chess.com"]
[Date "2024.02.06"]
[Round "3"]
[White "Ducke13"]
[Black "chrisclaireredfield"]
[Result "0-1"]
[WhiteElo "2292"]
[BlackElo "2564"]
[TimeControl "180+1"]
[EndTime "14:30:15 PST"]
[Termination "chrisclaireredfield won on time"]

1. d4 d5 2. Nf3 Nf6 3. g3 g6 4. Bg2 Bg7 5. c4 dxc4 6. O-O O-O 7. Na3 c3 8. bxc3 c5 9. Bb2 Nc6 10. Re1 Bf5 11. Nh4 Bg4 12. h3 Bd7 13. e4 e5 14. Nf3 cxd4 15. cxd4 exd4 16. Nxd4 Nxd4 17. Bxd4 Bc6 18. Nc4 Qd7 19. Ne5 Qe6 20. Nxc6 bxc6 21. Qc2 Rfd8 22. Qc3 Rac8 23. Bxa7 Nxe4 24. Qc1 Bxa1 25.
Qxa1 f5 26. f3 Qd7 27. Bb6 Nxg3 28. Bxd8 Rxd8 29. Qe5 Qd4+ 30. Kh2 Qxe5 31. Rxe5 f4 32. Rc5 Rd2 33. a4 Nf1+ 34. Kg1 Ne3 35. Bh1 Ra2 36. a5 Kg7 37. h4 h5 38. Rxc6 Rxa5 39. Rc1 Ra2 40. Re1 Kh6 41. Rb1 Re2 42. Rc1 Rd2 43.
Rb1 Rd6 44. Bg2 g5 45. hxg5+ Kxg5 46. Bf1 Rd2 47. Rc1 Kh4 48. Ba6 Kg3 49. Bb7 h4 50. Kh1 Rh2+ 51. Kg1 h3 52. Be4 Rg2+ 53. Kh1 Rh2+ 54.
Kg1 Rb2 55. Kh1 h2 0-1

[Event "Late-Titled-Tuesday-Blitz-February-06-2024"]
[Site "Chess.com"]
[Date "2024.02.06"]
[Round "3"]
[White "ritanovikova"]
[Black "2346PL"]
[Result "1-0"]
[WhiteElo "2223"]
[BlackElo "2525"]
[TimeControl "180+1"]
[EndTime "14:30:16 PST"]
[Termination "ritanovikova won by resignation"]

1. e4 c5 2. Nc3 e6 3. d3 d5 4. g3 d4 5. Nce2 Nc6 6. Bg2 h5 7. h4 Nf6 8. f3 Be7 9. Nh3 e5 10.
Nhg1 Be6 11. Nh3 Nh7 12. Nf2 g5 13. hxg5 Nxg5 14. f4 exf4 15. gxf4 Nh7 16. f5 Bd7 17. Rxh5 Qa5+ 18. Bd2 Qb6 19. Nf4 Ne5 20. Nd5 Qd8 21. Bf4 Bd6 22. Qd2 Bc6 23. O-O-O Bxd5 24. exd5 Qc7 25.
Rdh1 f6 26. Kb1 O-O-O 27. Ne4 c4 28. Nxd6+ Rxd6 29. Bxe5 fxe5 30. dxc4 Rd7 31. b3 a5 32. Be4 Rf7 33. f6 Rxf6 34. Rxh7 Rxh7 35. Rxh7 Qb6 36. Rh8+ Kc7 37. Rh7+ Kb8 38. Qg5 Rf1+ 39. Kb2 Qb4 40. Qg3 a4 41. a3 Qe1 42. Qxe1 Rxe1 43. Rh4 axb3 44. Kxb3 Re3+ 45. Kb4 Kc7 46. c5 Rc3 47.
Rh7+ Kb8 48. d6 Kc8 49. Bxb7+ Kb8 50. Be4 Re3 51. Bd5 d3 52. cxd3 Rxd3 53. Bc4 Rd2 54. Rh8+ Kb7 55. Rh7+ Kc8 56. Kb5 e4 57. Kc6 Kb8 58.
Rh8+ Ka7 59. d7 e3 60. Bd5 e2 61. Re8 1-0

[Event "Late-Titled-Tuesday-Blitz-February-06-2024"]
[Site "Chess.com"]
[Date "2024.02.06"]
[Round "3"]
[White "Dedic8"]
[Black "JoakimVonAnd"]
[Result "0-1"]
[WhiteElo "2883"]
[BlackElo "2656"]
[TimeControl "180+1"]
[EndTime "14:30:17 PST"]
[Termination "JoakimVonAnd won by resignation"]

1. d4 d5 2. c4 e6 3. Nc3 c5 4.
cxd5 exd5 5. dxc5 d4 6. Na4 b5 7. cxb6 axb6 8. b3 b5 9. Nb2 Bb4+ 10. Bd2 Bc3 11. Qc2 Nf6 12. Bxc3 dxc3 13. Qxc3 O-O 14. Nf3 Ne4 15. Qd4 Qa5+ 16. b4 Qa3 17. Nd1 Bf5 18. Qb2 Nc6 19. Qxa3 Rxa3 20. e3 Nxb4 21. Nd4 Rd8 22. Rb1 Rxd4 23. exd4 Nc2+ 24. Ke2 Nxd4+ 25.
Ke1 Nc2+ 26. Ke2 Be6 27. Ne3 Nc3+ 28. Kd2 Nxe3 29. Rb2 Ne4+ 30. Ke1 Nxf1 31. Rxf1 Bc4 32. Rg1 Rc3 33. Kd1 h5 34. f3 Nc5 35. Re1 Nd3 36. Re8+ Kh7 37. Rc2 Ra3 38. Rb8 Nb4 39. Rxc4 bxc4 40.
Rxb4 Rxa2 41. Rxc4 Rxg2 42. h4 Rf2 43. Rf4 Kg6 44.
Ke1 Rh2 45. Kf1 Ra2 46. Kg1 f6 47. Rb4 Kh6 48. Rb6 Ra4 49. Kg2 Rxh4 50. Kg3 Ra4 51. Rb5 g6 52. Rb6 f5 53. f4 Ra3+ 54. Kg2 h4 55. Rd6 Kh5 56. Rc6 Rg3+ 57. Kh2 Ra3 58. Kg2 Ra2+ 59. Kh3 Rb2 60. Rd6 Rb3+ 61.
Kg2 Rg3+ 62. Kh2 Rg4 63. Rd4 g5 0-1

[Event "Late-Titled-Tuesday-Blitz-February-06-2024"]
[Site "Chess.com"]
[Date "2024.02.06"]
[Round "3"]
[White "AsterPhoenix"]
[Black "Zhigalko_Sergei"]
[Result "1/2-1/2"]
[WhiteElo "2624"]
[BlackElo "2941"]
[TimeControl "180+1"]
[EndTime "14:30:17 PST"]
[Termination "Game drawn by repetition"]

1. e4 c5 2. Nf3 Nc6 3. d4 cxd4 4. Nxd4 Nf6 5. Nc3 e5 6. Ndb5 d6 7. Bg5 a6 8. Na3 b5 9. Nd5 Be7 10. Bxf6 Bxf6 11. c4 b4 12. Nc2 O-O 13. g3 a5 14. h4 Be6 15. Bh3 a4 16. b3 Nd4 17.
Nxd4 exd4 18. Bxe6 fxe6 19. Nf4 Qe8 20. Nd3 Qg6 21. Qe2 axb3 22. h5 Qg5 23. O-O bxa2 24. Rxa2 Rxa2 25. Qxa2 Qxh5 26. Nxb4 Be5 27. c5 dxc5 28.
Qxe6+ Kh8 29. Nd3 Bb8 30. Qe7 Re8 31. Qxc5 Qxc5 32. Nxc5 Ba7 33. Rc1 h6 34. Kg2 Bxc5 35. Rxc5 Rxe4 36. Rd5 Kh7 37. Rd6 Re5 38. Rxd4 Rf5 39.
g4 Rf6 40. f3 Rg6 41. Kg3 Ra6 42. Rd5 Kg6 43. Re5 Rb6 44. Rd5 Re6 45. Rc5 Kf6 46.
Rf5+ Ke7 47. Rf4 g6 48. Ra4 Kf6 49. Ra5 Re5 50. Ra6+ Re6 51. Ra5 Re7 52. Ra6+ Kg7 53. Rb6 Rf7 54. Ra6 Rf6 55. Ra7+ Rf7 56. Ra6 g5 57. Rb6 Rf6 58. Rb7+ Kg6 59. Rc7 h5 60. gxh5+ Kxh5 61. Rc5 Kg6 62. Rb5 Rf5 63. Rb6+ Rf6 64.
Rb5 Rf5 65. Rb6+ Rf6 66. Rb5 1/2-1/2

[Event "Late-Titled-Tuesday-Blitz-February-06-2024"]
[Site "Chess.com"]
[Date "2024.02.06"]
[Round "3"]
[White "spaski2004"]
[Black "Escanor89"]
[Result "1-0"]
[WhiteElo "2943"]
[BlackElo "2517"]
[TimeControl "180+1"]
[EndTime "14:30:17 PST"]
[Termination "spaski2004 won by resignation"]

1. Nf3 Nf6 2. g3 b6 3. Bg2 Bb7 4. O-O e6 5. d3 c5 6. e4 d6 7. b3 Be7 8. Bb2 O-O 9. Nbd2 Nbd7 10. Re1 Qc7 11. Bh3 b5 12. e5 dxe5 13. Nxe5 Nxe5 14. Bxe5 Qc6 15. Ne4 Rad8 16. Bg2 Nxe4 17. Bxe4 Qb6 18.
Qg4 g6 19. Qf4 Rd7 20. Qh6 f6 21. Bxg6 hxg6 22. Qxg6+ Kh8 23. Bb2 e5 24. f4 Bd6 25.
fxe5 Bxe5 26. Bxe5 c4+ 27. d4 fxe5 28. Qh5+ Kg8 29. Qg5+ Rg7 30. Qxe5 Qc6 31. Qe6+ Qxe6 32.
Rxe6 Rd7 33. c3 Rdf7 34. bxc4 bxc4 35. Rb1 Bd5 36. Re5 Bf3 37. Rf1 Bg4 38. Rg5+ Rg7 39. Rxf8+ Kxf8 40. Rc5 Be2 41. Kf2 Bd3 42. d5 Rd7 43.
Ke3 Ke7 44. Kd4 Rb7 45. Rc6 Kd7 46. Rf6 Rb2 47. Rf7+ Kd6 48. Rxa7 Rxh2 49. Ra6+ Kd7 50. Kc5 Rg2 51. Ra7+ Ke8 52. d6 Rxg3 53. Kc6 Be4+ 54. Kc7 Rd3 55. Ra4 Bd5 56. d7+ Kf7 57. d8=Q 1-0

[Event "Late-Titled-Tuesday-Blitz-February-06-2024"]
[Site "Chess.com"]
[Date "2024.02.06"]
[Round "3"]
[White "balachess2006"]
[Black "FrenchMonster2002"]
[Result "1-0"]
[WhiteElo "2702"]
[BlackElo "2474"]
[TimeControl "180+1"]
[EndTime "14:30:17 PST"]
[Termination "balachess2006 won on time"]

1. c4 Nf6 2. Nf3 g6 3. d4 Bg7 4. g3 O-O 5. Bg2 d6 6. Nc3 Nc6 7. O-O e5 8. dxe5 Nxe5 9. Nxe5 dxe5 10. Qxd8 Rxd8 11. Bg5 Rd4 12. Be3 Rd7 13. h3 c6 14.
Na4 Rc7 15. Rfd1 Be6 16. b3 Nd7 17. Rd2 Bf8 18. Rad1 Bb4 19. Rc2 Bf5 20. Rcc1 Ba3 21. Ra1 Kf8 22. g4 Be6 23. c5 f5 24. gxf5 gxf5 25. f4 e4 26. Bd4 Ke7 27. e3 Bd5 28.
Kf2 Rcc8 29. Bf1 Rg8 30. Be2 Nf8 31. b4 Ne6 32. Bc3 a5 33. bxa5 Nxc5 34. Nb6 Rad8 35.
Nxd5+ Rxd5 36. Rxd5 cxd5 37. Rb1 Kd7 38. Bb5+ Kc8 39. Bd4 Kb8 40. a6 b6 41. Be2 Ka7 42.
h4 Rb8 43. h5 Ne6 44. Be5 Rc8 45. Bd1 Bc5 46. Bb3 Rd8 47. Rd1 Kxa6 48. Rxd5 Rxd5 49.
Bxd5 Nf8 50. Bg7 Kb5 51. Bg8 Ka4 52. Bxf8 Bxf8 53. Bxh7 Ka3 54. Bxf5 Kxa2 55. Bxe4 b5 56. Bd5+ Kb2 57. Kf3 Kc3 58. Ke4 b4 59. Kf5 Kd3 60. e4 Kd4 61. Bf7 Bh6 62. e5 Bf8 63. Ba2 Ke3 64. e6 Be7 65. h6 1-0

[Event "Late-Titled-Tuesday-Blitz-February-06-2024"]
[Site "Chess.com"]
[Date "2024.02.06"]
[Round "3"]
[White "KuzubovYuriy"]
[Black "traviscottofficial"]
[Result "1-0"]
[WhiteElo "2910"]
[BlackElo "2676"]
[TimeControl "180+1"]
[EndTime "14:30:18 PST"]
[Termination "KuzubovYuriy won on time"]

1. d4 Nf6 2. Nf3 e6 3. c4 b6 4.
g3 Bb7 5. Bg2 Be7 6. Nc3 O-O 7.
Qc2 d5 8. cxd5 exd5 9. O-O Nbd7 10. Rd1 Re8 11. Bf4 c6 12. Rac1 Bf8 13. h3 Rc8 14.
Ne5 Nxe5 15. Bxe5 Bd6 16. f4 Bf8 17. f5 Nd7 18. Bf4 Qf6 19. Kh2 Bd6 20. Bxd6 Qxd6 21.
e4 dxe4 22. Nxe4 Qe7 23. Qa4 a5 24. Qa3 c5 25. d5 Qe5 26. Qc3 Rcd8 27. Rd2 f6 28. Re1 Qxc3 29. bxc3 Ne5 30. Rb1 Nc4 31. Rd3 Kf8 32. Nd2 Nxd2 33. Rxd2 Rd6 34. c4 Ba6 35.
Bf1 Re4 36. Rc1 Re5 37. g4 g6 38. fxg6 hxg6 39. Kg3 Kg7 40. Kf2 g5 41. Re2 Rxe2+ 42.
Bxe2 Rd8 43. Rb1 Rd6 44. Bd3 Kf7 45. Re1 Kg7 46. Ke3 Kf7 47. Kd2 Rd7 48. Bf5 Rd6 49.
Kc3 b5 50. cxb5 Bxb5 51. Be6+ Kg6 52. Rb1 Bd7 53. Bxd7 Rxd7 54. Kc4 Rh7 55. Rb3 f5 56. gxf5+ Kxf5 57. Kxc5 Ke5 58. Re3+ Kf4 59. Rb3 Ke5 60. d6 Ke6 61. Kc6 Ke5 62. d7 Rh8 63. Kc7 1-0

[Event "Late-Titled-Tuesday-Blitz-February-06-2024"]
[Site "Chess.com"]
[Date "2024.02.06"]
[Round "3"]
[White "youngdinousaur"]
[Black "IsaqueGoncalvesSanto"]
[Result "1-0"]
[WhiteElo "2329"]
[BlackElo "1931"]
[TimeControl "180+1"]
[EndTime "14:30:19 PST"]
[Termination "youngdinousaur won on time"]

1. d4 e6 2. Nf3 d5 3. Bf4 Nf6 4. e3 Bd6 5. Bg3 O-O 6. Bd3 b6 7. c3 Bb7 8. Nbd2 Qe7 9. Ne5 Nbd7 10. f4 c5 11. Bh4 Qe8 12. g4 Ne4 13. Qf3 Nxd2 14.
Kxd2 f6 15. Nxd7 Qxd7 16. Rhg1 e5 17. Bf5 Qb5 18. b3 e4 19. Qe2 Qxe2+ 20. Kxe2 Kf7 21. g5 g6 22. Bh3 f5 23. Bf1 cxd4 24. cxd4 Rfc8 25.
Kd1 Rc3 26. Kd2 Rac8 27. Rg2 Bb4 28. Ke2 Rc2+ 29. Kd1 R2c3 30. Re2 Ba6 31. Be1 Bxe2+ 32. Bxe2 a5 33. Bxc3 Rxc3 34. Rc1 Ke7 35. Rxc3 Bxc3 36. Bb5 Kd6 37. h4 Bb4 38. h5 gxh5 39. Bf1 h4 40.
Bh3 Bc3 41. Ke2 Ke6 42. Kf2 Bd2 43. Ke2 Bc1 44. a4 Bb2 45. Kd2 Ba3 46. Bg2 Bb4+ 47. Ke2 Kf7 48. Kf2 Kg6 49. Bh3 Bd2 50. Bf1 Kh5 51.
Be2+ Kg6 52. Bb5 h6 53. Be8+ 1-0

[Event "Late-Titled-Tuesday-Blitz-February-06-2024"]
[Site "Chess.com"]
[Date "2024.02.06"]
[Round "3"]
[White "GMBenjaminBok"]
[Black "Ticondriul"]
[Result "1-0"]
[WhiteElo "2991"]
[BlackElo "2720"]
[TimeControl "180+1"]
[EndTime "14:30:21 PST"]
[Termination "GMBenjaminBok won by resignation"]

1. d4 Nf6 2. c4 e6 3. Nc3 Bb4 4. Qc2 b6 5. e4 c5 6. d5 exd5 7. exd5 Qe7+ 8. Ne2 d6 9. Bg5 h6 10. Bh4 O-O 11. O-O-O a6 12. Kb1 b5 13. a3 Ba5 14.
cxb5 axb5 15. Nxb5 g5 16. Bg3 Ne4 17. f3 Bf5 18.
fxe4 Bxe4 19. Rd3 Ra6 20. Nec3 Bg6 21. Ka2 c4 22. h4 Nd7 23. hxg5 hxg5 24. Qd1 cxd3 25.
Bxd3 Nc5 26. Bxg6 fxg6 27. Qd4 Qf6 28. Qg4 Bxc3 29. Nxc3 Rb8 30. Qc4 Rab6 31. b4 Na6 32. Rf1 Qg7 33. Rb1 Qa7 34. Kb2 Nxb4 35. Kc1 Qxa3+ 36.
Kd1 Nxd5 37. Qxd5+ Kg7 38. Qd4+ Kf7 39. Rxb6 Rxb6 40. Qxb6 Qxc3 41. Qb7+ Ke6 42. Qe4+ Kf6 43. Bxd6 Qb3+ 44. Ke1 Qc3+ 45. Kf1 Qc1+ 46. Qe1 Qc4+ 47.
Qe2 Qd5 48. Qf2+ Kg7 49. Bg3 Qf5 50. Kg1 Kh6 51. Kh2 Kh5 52. Qe2+ Kh6 53. Bf2 g4 54.
Qe3+ g5 55. Bg3 Kh5 56. Qe8+ Qg6 57. Qxg6+ Kxg6 58. Kg1 Kf5 59. Be1 Ke4 60. Kf2 Kf4 61. Bd2+ 1-0

[Event "Late-Titled-Tuesday-Blitz-February-06-2024"]
[Site "Chess.com"]
[Date "2024.02.06"]
[Round "3"]
[White "tptagain"]
[Black "koziororo"]
[Result "1-0"]
[WhiteElo "2947"]
[BlackElo "2616"]
[TimeControl "180+1"]
[EndTime "14:30:21 PST"]
[Termination "tptagain won by resignation"]

1. Nf3 g6 2. d4 Bg7 3. Bg5 c5 4. e3 cxd4 5. exd4 Nf6 6. Nbd2 O-O 7. h3 d6 8. Bc4 Nbd7 9. O-O b6 10. Re1 Re8 11.
c3 Bb7 12. Qb3 Rf8 13. a4 h6 14. Bh4 d5 15. Bb5 a6 16. Bxd7 Qxd7 17. Qxb6 Ne4 18. Nxe4 dxe4 19. Ne5 Bxe5 20. dxe5 Rab8 21. e6 fxe6 22. Bg3 Rbc8 23. Rad1 Qc6 24. Qe3 Kh7 25. Rd4 Rf5 26. Red1 Rd5 27. Kh2 Rcd8 28. Be5 Rf8 29.
Bf4 g5 30. Qxe4+ Rdf5 31. Qxc6 Bxc6 32. Bg3 Rd5 33. b3 Rfd8 34. Be5 Rf8 35. Rxd5 exd5 36. Bd4 Kg6 37. Re1 Kf7 38. a5 Rb8 39. b4 e6 40.
g4 Ke7 41. h4 Rf8 42. hxg5 hxg5 43. Kg3 Rf7 44. Rh1 e5 45. Bc5+ Ke6 46. Rh6+ Rf6 47. Rh5 d4 48. cxd4 Rf3+ 49. Kh2 Rf4 50. Rxg5 exd4 51.
Rg6+ Kd7 52. Rd6+ Kc7 53. Rxd4 Rxf2+ 54. Kg3 Rf3+ 55. Kh4 Rf1 56. g5 Rh1+ 57. Kg4 Rg1+ 58. Kf5 Rg2 59. Rf4 Ba4 60. Kf6 Bc2 61. Be7 Kd7 62.
Bc5 Kc6 63. Rf2 Rg4 64. Rxc2 1-0

[Event "Late-Titled-Tuesday-Blitz-February-06-2024"]
[Site "Chess.com"]
[Date "2024.02.06"]
[Round "3"]
[White "lilylg"]
[Black "Jamal-Jamal-Jamal"]
[Result "0-1"]
[WhiteElo "2155"]
[BlackElo "2385"]
[TimeControl "180+1"]
[EndTime "14:30:21 PST"]
[Termination "Jamal-Jamal-Jamal won by checkmate"]

1. d4 f5 2. c4 Nf6 3. Nf3 e6 4. g3 g6 5. Bg2 Bg7 6. O-O O-O 7. Nc3 d5 8. cxd5 exd5 9. Bf4 b6 10.
Rc1 Bb7 11. Nb5 Nc6 12. Nxc7 Rc8 13. Ne6 Qe7 14. Nxf8 Qxf8 15. Ne5 Ne4 16. Nxc6 Rxc6 17. f3 Rxc1 18. Bxc1 Nd6 19. e3 Ba6 20. Re1 Qc8 21. b3 Bh6 22. Bf1 Bxf1 23. Rxf1 Qc3 24. Re1 a5 25. Qd2 Qc6 26. Bb2 Qe8 27. Qd3 Qe6 28.
Ba3 Kf7 29. Kf2 g5 30. Rc1 Ne8 31. f4 g4 32. Qa6 Nf6 33. Rc7+ Kg6 34. Qc8 Qe4 35.
Rc6 Qf3+ 36. Ke1 Qxe3+ 37. Kd1 Qxd4+ 38. Kc1 Qg1+ 39. Kb2 Qd4+ 40. Kb1 Qe4+ 41. Ka1 Bg7 42. Bb2 d4 43. Re6 Qh1+ 44. Qc1 Qd5 45. Re5 Qd6 46.
Qc2 Ne4 47. Rxe4 fxe4 48. Qxe4+ Kh6 49. f5 d3 50. Qxg4 Bxb2+ 51. Kxb2 Qe5+ 52. Kc1 Qc3+ 53. Kd1 Qc2+ 54. Ke1 d2+ 55. Kf2 d1=Q+ 56. Ke3 Qxg4 57. h3 Qgxf5 58. g4 Qcd3# 0-1

[Event "Late-Titled-Tuesday-Blitz-February-06-2024"]
[Site "Chess.com"]
[Date "2024.02.06"]
[Round "3"]
[White "nihalsarin"]
[Black "krzyzan94"]
[Result "1/2-1/2"]
[WhiteElo "3103"]
[BlackElo "2811"]
[TimeControl "180+1"]
[EndTime "14:30:22 PST"]
[Termination "Game drawn by repetition"]

1. e4 c5 2. Nf3 d6 3. Nc3 Nf6 4.
e5 dxe5 5. Nxe5 a6 6. g3 Qd6 7. Nf3 e5 8. Bg2 Nc6 9. O-O Be7 10. Re1 O-O 11. d3 h6 12. h3 Re8 13. Nd2 Bf8 14. Nde4 Nxe4 15. dxe4 Qxd1 16. Rxd1 Be6 17. Nd5 Bxd5 18. exd5 Nd4 19. Rd2 e4 20. Kf1 Rad8 21. c3 e3 22. fxe3 Nf5 23. Kf2 Bd6 24. g4 Bg3+ 25.
Kg1 Nxe3 26. Re2 Bf4 27. Bxe3 Bxe3+ 28. Kf1 Bf4 29. a4 Bd6 30. a5 Rxe2 31. Kxe2 Re8+ 32. Kd3 g6 33. c4 f5 34. Ra3 Bf4 35. d6 Re3+ 36.
Kc2 Re2+ 37. Kd1 Rxg2 38. Rd3 Bg5 39. d7 Rg1+ 40. Ke2 Bd8 41. Re3 Kf7 42. Re8 Bxa5 43.
d8=Q Bxd8 44. Rxd8 fxg4 45. hxg4 Rg2+ 46. Kf3 Rxb2 47.
Rd7+ Ke6 48. Rh7 h5 49. gxh5 gxh5 50. Rxh5 b6 51. Ke4 Re2+ 52. Kd3 Rf2 53. Kc3 Rf3+ 54.
Kb2 Kd6 55. Rh6+ Kc7 56. Rh7+ Kd8 57. Rh6 b5 58. Rxa6 Rf2+ 59. Kb3 Rf3+ 60. Kb2 Rf2+ 61. Kb3 Rf3+ 62. Kb2 1/2-1/2

[Event "Late-Titled-Tuesday-Blitz-February-06-2024"]
[Site "Chess.com"]
[Date "2024.02.06"]
[Round "3"]
[White "alexrustemov"]
[Black "Polish_fighter3000"]
[Result "0-1"]
[WhiteElo "2788"]
[BlackElo "3044"]
[TimeControl "180+1"]
[EndTime "14:30:23 PST"]
[Termination "Polish_fighter3000 won on time"]

1. d4 Nf6 2. c4 d6 3. Nf3 Nbd7 4. Nc3 g6 5. g3 Bg7 6. Bg2 O-O 7. d5 Nb6 8. Nd2 a5 9. O-O a4 10. Rb1 Ng4 11.
Qc2 Bf5 12. e4 Bd7 13. b3 axb3 14. axb3 f5 15. exf5 Bxf5 16. Nde4 c6 17. h3 Nf6 18. g4 Bxe4 19. Nxe4 cxd5 20. Nxf6+ Bxf6 21. cxd5 Rc8 22. Qe2 Nd7 23. Be3 Rc3 24. Rfc1 Qa5 25. Bd2 Rxc1+ 26. Rxc1 Qa2 27. Qe6+ Kg7 28. Be3 Nc5 29. Bxc5 dxc5 30. Qe3 Bd4 31. Qxe7+ Rf7 32. Qe4 Qxf2+ 33. Kh1 Qg3 34. Re1 Kh6 35. d6 Qxd6 36. Rf1 Re7 37. Qf4+ Qxf4 38. Rxf4 Re1+ 39. Rf1 Re3 40.
Rf3 Re2 41. h4 Kg7 42. Kh2 b5 43. Kh3 Rb2 44. g5 c4 45. bxc4 bxc4 46. Rf4 Rb3+ 47. Kg4 Be5 48. Rf3 c3 49. Rf2 Rb4+ 50. Kh3 Rd4 51. Rc2 Rd3+ 52. Bf3 Rxf3+ 53. Kg2 Rg3+ 54. Kf2 Rg4 55. Re2 Bd4+ 56. Kf3 Rxh4 57. Re7+ Kf8 58.
Rc7 Ke8 59. Kg3 Be5+ 0-1

[Event "Late-Titled-Tuesday-Blitz-February-06-2024"]
[Site "Chess.com"]
[Date "2024.02.06"]
[Round "3"]
[White "sari07"]
[Black "bazar-wokzal"]
[Result "0-1"]
[WhiteElo "2431"]
[BlackElo "2628"]
[TimeControl "180+1"]
[EndTime "14:30:23 PST"]
[Termination "bazar-wokzal won by resignation"]

1. d4 Nf6 2. Nc3 d5 3. Bf4 e6 4. Nb5 Na6 5. e3 Bb4+ 6. c3 Be7 7. a4 O-O 8. Bd3 Bd7 9. g4 c6 10. Na3 Nb8 11. g5 Ne8 12. Nf3 c5 13. h4 Nc6 14. h5 b6 15. g6 h6 16. gxf7+ Rxf7 17. Rg1 Kh8 18. Rg6 Bd6 19. Bxd6 Nxd6 20. Nb5 Nf5 21.
Qe2 a6 22. Na3 c4 23. Bc2 Nh4 24. Rg3 Nxf3+ 25. Rxf3 Rxf3 26. Qxf3 Qf6 27. Qg3 Rf8 28. Ke2 Be8 29. Bg6 Bxg6 30. hxg6 Ne7 31. f4 Nxg6 32.
Rg1 Ne7 33. Nc2 Rf7 34. Nb4 a5 35. Nc2 Qf5 36. Ne1 Qb1 37. Nf3 Qxb2+ 38. Kf1 Qb1+ 39. Kg2 Qg6 40. Kh2 Qxg3+ 41. Kxg3 Nf5+ 42. Kf2 b5 43.
Ne5 Rb7 44. axb5 Rxb5 45. Ra1 Rb2+ 46. Kf3 Rb3 47. Rxa5 Rxc3 48. Ng6+ Kh7 49. Nf8+ Kg8 50. Nxe6 Rxe3+ 51. Kg4 Rxe6 52. Kxf5 Kf7 53. Ra7+ Re7 54. Ra5 g6+ 55. Kg4 Rd7 56. f5 gxf5+ 57. Kxf5 Rc7 58. Rxd5 c3 59. Ra5 c2 60. Ra1 c1=Q 61. Rxc1 Rxc1 0-1

[Event "Late-Titled-Tuesday-Blitz-February-06-2024"]
[Site "Chess.com"]
[Date "2024.02.06"]
[Round "3"]
[White "GMAkobianSTL"]
[Black "vanyakuba"]
[Result "0-1"]
[WhiteElo "2685"]
[BlackElo "2359"]
[TimeControl "180+1"]
[EndTime "14:30:25 PST"]
[Termination "vanyakuba won on time"]

1. d4 d5 2. c4 e6 3. Nc3 c5 4. cxd5 cxd4 5. Qxd4 Nc6 6. Qd1 exd5 7. Qxd5 Be6 8. Qxd8+ Rxd8 9. e3 a6 10. a3 Na5 11. b4 Nb3 12. Rb1 g6 13. Bb2 Bg7 14.
Nf3 Ne7 15. Be2 O-O 16. O-O Nd2 17. Nxd2 Rxd2 18. Bf3 Bf5 19. e4 Be6 20. Ba1 Rc8 21.
Nd5 Nxd5 22. exd5 Bxd5 23. Bxd5 Rxd5 24. Rfd1 Rxd1+ 25. Rxd1 Bxa1 26. Rxa1 Rc2 27. g3 h5 28. h4 Kg7 29. Kg2 Kf6 30. Rd1 Ra2 31. Rd3 Ke6 32. Kf3 Kf6 33. Ke3 Ke6 34. f3 Kf6 35. Kd4 Rc2 36. Kd5 g5 37. a4 gxh4 38. gxh4 Kf5 39.
Rd4 Rf2 40. Kc5 Rxf3 41. Kb6 Rf4 42. Rxf4+ Kxf4 43. Kxb7 Kg4 44. Kxa6 f5 45. b5 f4 46. b6 f3 47. b7 f2 48. b8=Q f1=Q+ 49. Qb5 Qa1 50. Qg5+ Kh3 51. a5 Qd1 52. Qe7 Qd3+ 53. Kb6 Qd4+ 54. Qc5 Qa4 55. a6 Kxh4 56. a7 Kg3 57.
Qc7+ Kg2 58. Qc6+ Qxc6+ 59. Kxc6 h4 60. a8=Q h3 61. Kc5+ Kg1 62. Qa1+ Kg2 0-1

[Event "Late-Titled-Tuesday-Blitz-February-06-2024"]
[Site "Chess.com"]
[Date "2024.02.06"]
[Round "3"]
[White "carokannlover213"]
[Black "JackRodgers"]
[Result "0-1"]
[WhiteElo "2738"]
[BlackElo "2506"]
[TimeControl "180+1"]
[EndTime "14:30:26 PST"]
[Termination "JackRodgers won by checkmate"]

1. Nf3 c5 2. e4 g6 3. c3 Bg7 4. d4 cxd4 5. cxd4 d5 6. e5 Bg4 7. Bb5+ Nd7 8. O-O a6 9. Bd3 e6 10. Nbd2 Ne7 11. h3 Bxf3 12. Nxf3 Nc6 13. Bg5 Qb6 14.
Be3 O-O 15. Qd2 Rfc8 16. Rac1 Na5 17. b3 Nc6 18. Bb1 Qd8 19. Rc2 Ne7 20. Bg5 Rxc2 21. Bxc2 b5 22. Bd3 Rc8 23. Kh2 Qf8 24. Qa5 Nb8 25.
a4 Nec6 26. Qb6 Nb4 27. Be2 bxa4 28. bxa4 Na2 29. a5 Qb4 30. Ra1 Qxb6 31. axb6 Rc2 32. Bd2 Bf8 33. Rb1 Nc3 34. Bxc3 Rxc3 35. b7 a5 36. Bb5 Bb4 37. Ng5 Rc7 38. Ba4 h6 39. Nf3 Kg7 40. Rb2 Rxb7 41. Rc2 Na6 42. Rc6 Nb8 43. Rc8 Be7 44. Be8 Nd7 45. Ra8 Bb4 46. g4 Nb6 47. Ra6 Nc4 48. g5 h5 49. Bc6 Rc7 50.
Bb5 Nd2 51. Nh4 Ne4 52. f4 Rc2+ 53. Kg1 Nd2 54. Ra7 Bc3 55. Be8 Bxd4+ 56. Kh1 Bxa7 57. f5 gxf5 58. g6 fxg6 59. Bxg6 Ne4 60. Bxh5 Ng3# 0-1